Map: Acid Plant LE

Players

LiquidMaNa (MaNa)

  • Race: Protoss Protoss
  • League: Grandmaster
  • Spawn Location: 5:00

LiquidTLO (TLO) - Winner!

  • Race: Zerg Zerg
  • League: Grandmaster
  • Spawn Location: 11:00

Event: HomeStory Cup XVII

VOD

Have the link to the VOD?

Description

Time

  • Played on: June 28, 2018, 2:51 p.m.
  • Length: 17:02

All games in this series

Show
View Real Time Build Order
Export as new Build Order

LiquidMaNa Protoss 

Build Orders: 1 Gate Expand, Oracle Opening, Phoenix Opening, Chargelot Immortal, Mass Phoenix 

Get SALT Encoding   

  12  0:00  Probe  
  13  0:13  Probe  
  14  0:17  Pylon  
  14  0:24  Probe  
  15  0:32  Probe  
  15  0:38  Assimilator  
  15  0:40  Probe  
  16  0:48  Gateway  
  17  0:50  Probe  
  18  0:59  Probe  
  19  1:07  Probe  
  20  1:27  Nexus  
  20  1:38  Cybernetics Core  
  20  1:41  Probe  
  20  1:46  Assimilator  
  21  1:53  Probe  
  22  1:59  Pylon  
  22  2:05  Probe  
  23  2:13  Probe  
  23  2:15  Adept  
  23  2:19  Stargate  
  23  2:21  Probe  
  26  2:27  Warp Gate  
  27  2:31  Probe  
  27  2:34  Adept  
  28  2:41  Probe  
  31  2:44  Probe  
  32  2:53  Probe  
  32  2:57  Probe  
  34  2:58  Gateway  
  34  3:05  Phoenix, Probe  
  35  3:11  Probe  
  38  3:17  Probe  
  39  3:23  Probe  
  39  3:24  Oracle, Pylon  
  40  3:29  Probe  
  40  3:33  Assimilator  
  44  3:35  Probe  
  44  3:38  Assimilator  
  45  3:41  Probe  
  45  3:47  Probe  
  47  3:52  Stargate  
  47  3:54  Phoenix  
  47  3:55  Probe  
  48  4:00  Probe  
  48  4:02  Pylon  
  51  4:07  Probe  
  52  4:12  Probe  
  53  4:18  Phoenix  
  53  4:19  Probe  
  53  4:20  Pylon  
  56  4:26  Probe  
  56  4:30  Phoenix  
  57  4:31  Probe  
  57  4:33  Zealot  
  57  4:34  Zealot  
  64  4:43  Phoenix, Probe  
  67  4:52  Phoenix, Pylon  
  68  5:07  Nexus  
  68  5:08  Phoenix  
  68  5:11  Pylon  
  68  5:13  Phoenix  
  68  5:14  Probe x2  
  74  5:28  Probe x2  
  74  5:33  Phoenix x2  
  74  5:35  Robotics Facility  
  80  5:44  Shield Battery  
  80  5:49  Robotics Facility  
  80  5:53  Sentry  
  80  5:54  Probe x2, Sentry  
  86  6:01  Pylon  
  84  6:06  Probe  
  85  6:15  Immortal  
  85  6:19  Gateway, Phoenix  
  85  6:21  Gateway  
  85  6:23  Shield Battery  
  91  6:31  Probe x2  
  91  6:32  Zealot x2  
  93  6:35  Probe  
  93  6:39  Probe x2  
  100  6:47  Probe x2  
  100  6:49  Observer  
  103  6:54  Pylon  
  103  6:56  Immortal  
  107  7:10  Forge  
  107  7:11  Twilight Council  
  107  7:14  Pylon  
  107  7:15  Pylon  
  107  7:17  Immortal  
  107  7:20  Probe x2  
  107  7:22  Assimilator x2  
  113  7:33  Immortal  
  117  7:46  Zealot x2  
  117  7:47  Charge  
  117  7:48  Immortal, Protoss Ground Weapons Level 1  
  121  7:52  Templar Archives  
  125  8:00  Photon Cannon  
  125  8:02  Probe x2  
  127  8:10  Photon Cannon  
  127  8:14  Immortal  
  127  8:15  Pylon  
  127  8:19  Pylon  
  131  8:21  Zealot  
  131  8:24  Psionic Storm  
  133  8:27  Immortal  
  133  8:28  Shield Battery  
  133  8:30  Observer  
  133  8:32  Pylon  
  137  8:34  Pylon  
  137  8:35  High Templar x2  
  137  8:37  High Templar  
  143  8:41  Immortal  
  143  8:50  Gateway  
  143  8:51  Pylon  
  147  8:56  High Templar  
  147  9:02  Immortal  
  149  9:05  Photon Cannon, Gateway  
  149  9:11  Immortal  
  149  9:14  Zealot x2  
  157  9:22  Gateway x2  
  161  9:25  Pylon  
  156  9:41  Observer, Zealot x4  
  165  9:50  Protoss Ground Weapons Level 2  
  164  9:56  Observer  
  164  9:58  Photon Cannon  
  165  10:00  Photon Cannon  
  163  10:08  High Templar x4  
  163  10:09  Oracle x2, Zealot  
  163  10:13  Archon x2  
  173  10:22  Photon Cannon  
  173  10:23  Pylon  
  133  10:56  High Templar x4, Zealot x4  
  147  11:00  Photon Cannon  
  147  11:02  Shield Battery  
  147  11:05  Immortal  
  151  11:22  Zealot x4  
  159  11:28  Zealot x4  
  159  11:31  Pylon  
  167  11:35  Nexus  
  162  11:57  Protoss Ground Weapons Level 3, Stalker x2  
  162  11:58  Stalker x6  
  178  12:07  Blink, Fleet Beacon, Pylon  
  170  12:18  Observer  
  170  12:19  Nexus  
  170  12:22  Zealot x2  
  174  12:23  Protoss Air Weapons Level 1  
  174  12:26  Observer, Pylon  
  134  12:58  Zealot x8  
  144  13:05  Photon Cannon  
  150  13:06  Shield Battery  
  150  13:18  Probe x2  
  150  13:20  High Templar x3  
  150  13:21  High Templar x3  
  150  13:25  Archon x2  
  150  13:26  Archon  
  162  13:35  Probe  
  162  13:36  Probe x2  
  163  13:48  Observer  
  121  13:56  Immortal, Zealot x3  
  121  13:57  Zealot x4  
  121  13:58  Immortal  
  123  14:15  Zealot  
  121  14:22  Zealot x7  
  101  14:29  Observer  
  96  14:33  Observer  
  98  14:39  High Templar x4  
  98  14:40  Immortal  
  98  14:42  Oracle  
  98  14:44  High Templar x2, Zealot  
  115  14:46  Probe  
  115  14:48  Immortal  
  115  14:50  Assimilator  
  120  14:59  Probe  
  125  15:01  Assimilator  
  125  15:11  Probe  
  126  15:17  Nexus  
  126  15:26  High Templar  
  126  15:27  High Templar x3  
  129  15:32  Archon x2  
  123  15:52  Immortal x2  
Show
View Real Time Build Order
Export as new Build Order

LiquidTLO Zerg - Winner!

Build Orders: Hatch First, Lurkers, Roach Hydra 

Get SALT Encoding   

  12  0:01  Drone  
  13  0:09  Drone  
  14  0:16  Overlord  
  14  0:35  Drone x2  
  16  0:48  Hatchery  
  15  0:52  Drone  
  15  0:56  Drone  
  17  0:59  Drone  
  18  1:05  Extractor  
  18  1:09  Drone  
  18  1:18  Spawning Pool  
  18  1:22  Drone  
  18  1:29  Drone  
  19  1:40  Drone  
  20  1:51  Drone  
  21  2:01  Hatchery  
  21  2:04  Drone  
  21  2:05  Metabolic Boost  
  21  2:08  Zergling x2  
  21  2:13  Drone  
  21  2:15  Drone  
  24  2:23  Queen  
  24  2:29  Overlord  
  26  2:31  Drone  
  26  2:35  Drone  
  28  2:46  Overlord  
  28  2:47  Queen, Drone  
  28  2:51  Drone  
  32  2:54  Zergling x2  
  33  2:59  Zergling x2  
  33  3:02  Queen  
  35  3:06  Overlord  
  35  3:07  Drone  
  36  3:13  Drone  
  36  3:14  Queen  
  36  3:17  Drone  
  40  3:21  Drone  
  40  3:25  Queen  
  40  3:26  Drone  
  44  3:28  Drone  
  44  3:29  Drone  
  44  3:33  Drone x2  
  48  3:38  Drone  
  48  3:39  Drone x2  
  51  3:43  Spore Crawler  
  51  3:45  Overlord  
  51  3:48  Drone  
  51  3:49  Drone  
  51  3:52  Overlord  
  52  3:56  Spore Crawler  
  51  4:03  Overlord  
  51  4:05  Zergling x8  
  51  4:08  Drone  
  56  4:10  Spore Crawler, Drone  
  56  4:11  Drone  
  56  4:14  Drone  
  56  4:16  Drone  
  59  4:17  Drone  
  59  4:20  Drone  
  59  4:22  Drone  
  59  4:23  Drone x2  
  64  4:24  Drone  
  64  4:26  Drone  
  64  4:27  Drone  
  67  4:31  Lair  
  67  4:33  Extractor  
  67  4:35  Drone x2  
  68  4:42  Roach Warren  
  68  4:44  Extractor, Evolution Chamber  
  68  4:45  Drone  
  65  4:47  Extractor  
  65  4:48  Drone x2  
  65  4:49  Drone x2  
  68  4:53  Drone  
  68  4:54  Drone x3  
  68  4:56  Drone  
  68  4:59  Overlord  
  71  5:04  Overlord  
  71  5:06  Overlord  
  71  5:07  Drone  
  71  5:10  Zerg Missile Weapons Level 1  
  71  5:13  Overlord  
  72  5:15  Drone  
  72  5:16  Extractor  
  72  5:21  Drone  
  73  5:25  Roach  
  73  5:26  Roach x4  
  83  5:29  Glial Reconstitution  
  83  5:31  Roach x2, Drone  
  83  5:32  Roach  
  90  5:37  Roach  
  90  5:40  Zergling x2  
  90  5:42  Pneumatized Carapace  
  93  5:43  Overlord x2  
  93  5:46  Roach  
  93  5:49  Roach x2  
  99  5:52  Spore Crawler, Roach  
  99  5:54  Roach  
  102  5:59  Drone  
  102  6:00  Roach  
  102  6:01  Spore Crawler  
  102  6:02  Roach x2  
  106  6:06  Roach x2  
  106  6:08  Drone  
  106  6:10  Drone  
  110  6:13  Drone  
  110  6:14  Drone x2  
  110  6:15  Drone x2  
  110  6:16  Drone  
  110  6:17  Drone  
  115  6:19  Drone  
  115  6:20  Drone  
  113  6:28  Drone  
  113  6:30  Extractor  
  107  6:33  Infestation Pit  
  107  6:34  Hydralisk Den  
  107  6:35  Hatchery  
  107  6:36  Drone  
  107  6:37  Drone  
  102  6:40  Drone  
  102  6:42  Spore Crawler  
  102  6:43  Spore Crawler  
  102  6:45  Drone  
  100  6:47  Drone  
  100  6:49  Drone  
  100  6:52  Drone x7  
  109  6:58  Spore Crawler  
  108  7:02  Spore Crawler  
  108  7:04  Drone x2  
  108  7:05  Muscular Augments  
  108  7:06  Drone  
  104  7:08  Drone  
  104  7:09  Infestor  
  104  7:10  Infestor  
  104  7:11  Zerg Missile Weapons Level 2  
  104  7:12  Overlord  
  104  7:14  Infestor  
  111  7:17  Overlord, Drone  
  111  7:20  Overlord  
  110  7:24  Drone x2  
  110  7:25  Baneling Nest  
  111  7:33  Drone  
  111  7:34  Hydralisk x4  
  111  7:35  Hydralisk  
  118  7:37  Hydralisk  
  118  7:45  Overlord x2  
  118  7:47  Hydralisk x2  
  118  7:48  Hydralisk  
  118  7:49  Hydralisk  
  126  7:52  Drone  
  126  7:56  Lurker Den, Drone x3  
  129  8:02  Hydralisk x2  
  129  8:03  Overlord  
  129  8:04  Hydralisk  
  135  8:07  Zergling x2  
  135  8:08  Hydralisk  
  135  8:12  Hydralisk  
  140  8:13  Zergling x2  
  140  8:14  Zergling x2  
  140  8:16  Zergling x2  
  140  8:19  Grooved Spines  
  142  8:21  Hydralisk  
  142  8:23  Hydralisk  
  142  8:26  Hydralisk, Extractor  
  147  8:28  Hydralisk  
  147  8:30  Extractor  
  147  8:31  Overlord  
  147  8:33  Hydralisk  
  150  8:34  Zergling x2  
  151  8:42  Spore Crawler  
  151  8:43  Spore Crawler, Centrifical Hooks  
  151  8:47  Spine Crawler, Drone  
  149  8:49  Spine Crawler, Drone  
  149  8:50  Hydralisk  
  151  8:55  Ravager  
  151  8:56  Ravager x2  
  151  8:58  Hydralisk  
  151  8:59  Zergling x4  
  158  9:11  Hive, Drone  
  158  9:12  Overlord, Drone x3  
  158  9:13  Hydralisk x2  
  158  9:15  Hydralisk  
  158  9:17  Hydralisk  
  168  9:20  Overlord  
  168  9:23  Overlord  
  170  9:24  Overseer x2  
  170  9:26  Lurker  
  170  9:27  Hydralisk  
  172  9:33  Hydralisk x2  
  172  9:34  Hydralisk  
  172  9:37  Hydralisk  
  178  9:38  Zergling x2  
  178  9:39  Zergling x4  
  178  9:42  Hydralisk  
  178  9:45  Zergling x8  
  187  9:46  Zergling x2  
  187  9:49  Zergling x6  
  187  9:52  Zergling x2  
  189  9:53  Zergling x2  
  189  9:54  Zergling x4  
  189  9:56  Zergling x2  
  192  10:00  Zergling x2  
  192  10:01  Zergling x4  
  192  10:02  Zergling x4  
  192  10:03  Zergling x2  
  192  10:05  Lurker x3  
  192  10:06  Lurker  
  199  10:11  Zergling x4  
  197  10:15  Zergling x2  
  197  10:16  Zergling x2  
  199  10:26  Adaptive Talons  
  199  10:34  Overlord  
  198  10:37  Overlord  
  195  10:45  Zergling x4  
  195  10:46  Zergling x2  
  195  10:47  Zergling x2  
  166  10:50  Zergling x4  
  166  10:51  Zergling x2  
  162  10:57  Zerg Missile Weapons Level 3  
  162  10:58  Zergling x4  
  162  11:00  Evolution Chamber  
  162  11:02  Hydralisk  
  165  11:04  Hydralisk x12  
  165  11:07  Zergling x2  
  165  11:08  Zergling x2  
  191  11:12  Hatchery  
  190  11:22  Hydralisk x4  
  190  11:23  Hydralisk  
  200  11:32  Hydralisk x3  
  197  11:39  Hydralisk  
  190  11:45  Hydralisk x2  
  188  11:49  Hydralisk x3  
  188  11:50  Hydralisk x2  
  184  11:56  Lurker x2  
  184  11:57  Baneling, Lurker x2  
  184  11:58  Lurker  
  184  11:59  Zergling x2  
  188  12:04  Zerg Ground Armor Level 1  
  188  12:05  Zergling x4  
  188  12:06  Zergling x2  
  188  12:07  Zergling x2  
  192  12:09  Zergling x4  
  192  12:10  Zergling x2  
  192  12:11  Zergling x2  
  192  12:14  Zergling x2  
  192  12:15  Zergling x2  
  189  12:16  Zergling x4  
  189  12:20  Lurker  
  189  12:21  Lurker x2  
  189  12:22  Lurker  
  195  12:29  Zergling x2  
  196  12:34  Zergling x2  
  196  12:37  Hydralisk x2  
  196  12:41  Zergling x4  
  175  12:46  Hydralisk  
  175  12:47  Hydralisk, Hatchery  
  175  12:49  Hydralisk  
  175  12:50  Hydralisk  
  141  12:52  Hydralisk  
  141  12:54  Hydralisk  
  141  12:56  Hydralisk  
  125  12:58  Hydralisk  
  125  13:02  Hydralisk x2  
  125  13:03  Zergling x2  
  125  13:05  Baneling x3  
  132  13:06  Baneling x2  
  132  13:08  Zergling x2  
  132  13:10  Hydralisk  
  132  13:11  Hydralisk  
  137  13:13  Hydralisk  
  137  13:15  Hydralisk  
  137  13:17  Hydralisk  
  141  13:21  Lurker  
  141  13:22  Lurker x2  
  141  13:23  Hydralisk  
  141  13:25  Hydralisk  
  141  13:26  Zergling x6  
  151  13:29  Hydralisk  
  151  13:30  Zergling x4  
  151  13:31  Zergling x2  
  151  13:33  Zergling x4  
  158  13:34  Zergling x2  
  158  13:36  Zergling x2  
  158  13:37  Hydralisk  
  158  13:40  Hydralisk  
  164  13:46  Hydralisk  
  164  13:47  Hydralisk, Drone  
  157  13:49  Hydralisk  
  157  13:53  Hydralisk  
  157  13:54  Hydralisk  
  157  13:57  Hydralisk  
  157  13:59  Overseer  
  148  14:20  Hydralisk x7  
  148  14:23  Hydralisk  
  153  14:28  Zergling x4  
  153  14:29  Zergling x2  
  156  14:31  Zergling x2  
  156  14:32  Zergling x2  
  156  14:37  Zergling x2  
  156  14:38  Zergling x4  
  161  14:48  Lurker x2  
  161  14:49  Lurker  
  164  14:54  Lurker x4  
  164  14:56  Lurker, Hatchery  
  164  14:58  Spore Crawler  
  164  14:59  Lurker  
  168  15:01  Zergling x2  
  168  15:03  Hydralisk, Zergling x2  
  168  15:06  Hydralisk  
  174  15:08  Hydralisk  
  174  15:10  Hydralisk  
  174  15:11  Hydralisk  
  180  15:15  Hydralisk x2  
  180  15:17  Zergling x2  
  183  15:30  Zergling x4  
  183  15:32  Zergling x6  
  183  15:33  Zergling x4  
  183  15:34  Zergling x2  
  191  15:36  Hydralisk x2  
  191  15:38  Hydralisk  
  191  15:39  Hydralisk  
  196  15:45  Hydralisk x2  
  196  15:47  Hydralisk x2  
  198  15:52  Hydralisk  
  198  15:56  Zergling x2  
  193  15:57  Zergling x2  
  193  15:59  Zergling x2  
  193  16:04  Zergling x2  
  189  16:06  Zergling x2  
  189  16:10  Zergling x4  
  192  16:11  Zergling x2  
  192  16:13  Zergling x2  
  193  16:18  Zergling x2  
  193  16:19  Zergling x2  
  193  16:20  Zergling x2  
  193  16:21  Zergling x2  
  193  16:24  Zergling x2  
  196  16:27  Zergling x2  
  196  16:29  Zergling x2  
  196  16:30  Zergling x2  
  196  16:31  Zergling x2  
  184  16:35  Hydralisk  
  184  16:38  Hydralisk  
Tags
 
Add a new tag
Caveats
  • Supply blocks, unpowered buildings, or Contaminate may cause inaccurate times.
  • Supply counts are checked every 10 seconds.